 Dungeon Crawl Stone Soup version 0.29.0-4-gdea44cf6ec (webtiles) character file.

Game seed: 15142919762480732391

5938 qw the Grappler (level 10, -2/96 HPs)
             Began as a Troll Cinder Acolyte on Sept 1, 2022.
             Was a Priest of Ignis.
             Slain by Joseph
             ... wielding a +2 spectral quarterstaff
              (11 damage)
             ... on level 9 of the Dungeon.
             The game lasted 00:03:23 (7289 turns).

qw the Grappler (Troll Cinder Acolyte)              Turns: 7289, Time: 00:03:24

Health: -2/96      AC: 16    Str: 33 (34) XL:     10   Next: 54%
Magic:  10/10      EV:  8    Int:  9 (10) God:    Ignis [***...]
Gold:   383        SH:  6    Dex:  4 (5)  Spells: 11/11 levels left

rFire   + . .      SeeInvis +     - Unarmed
rCold   + . .      Faith    .   n - +0 kite shield {rC+}
rNeg    . . .      Spirit   .   u - +2 robe {Will+}
rPois   .          Reflect  .   m - +2 hat
rElec   .          Harm     .   q - +0 cloak
rCorr   .          Rampage  .   (gloves unavailable)
Will    +....                   (boots unavailable)
Stlth   +.........              b - amulet of the acrobat
HPRegen 1.06/turn               t - ring of see invisible
MPRegen 0.12/turn               e - +6 ring of strength

@: about to teleport, fiery-armoured
A: large, unfitting armour, claws 3, regeneration 1, shaggy fur 1, tough skin 1
a: Renounce Religion, Fiery Armour, Foxfire Swarm, Rising Flame


You were on level 9 of the Dungeon.
You worshipped Ignis.
Ignis was most pleased with you.
You visited 1 branch of the dungeon, and saw 9 of its levels.

You collected 513 gold pieces.
You spent 130 gold pieces at shops.


Innate Abilities, Weirdness & Mutations

You are too large for most types of armour.
You have claws for hands.
Your natural rate of healing is unusually fast.
You are covered in fur. (AC +1)
You have tough skin. (AC +1)


   Skills:
 - Level 5.1 Fighting
 - Level 5.2 Throwing
 - Level 1.3 Armour
 - Level 1.9 Dodging
 + Level 4.1 Shields
 - Level 12.8 Unarmed Combat
 - Level 1.0 Spellcasting
 - Level 2.1 Fire Magic


You had 11 spell levels left.
You didn't know any spells.
Your spell library contained the following spells:

 Spells                   Type           Power      Damage    Failure   Level
 Scorch                   Fire           8%         2d5       45%         2

Inventory:

Missiles
 d - 3 boomerangs
 p - 8 large rocks (quivered)
Armour
 m - a +2 hat (worn)
 n - a +0 kite shield of cold resistance (worn)
 q - a +0 cloak (worn)
 r - +0 steam dragon scales
 u - a +2 robe of willpower (worn)
Jewellery
 b - an amulet of the acrobat (around neck)
 c - a +2 ring of evasion
 e - a +6 ring of strength (right claw)
 o - an amulet of guardian spirit
 t - a ring of see invisible (left claw)
Scrolls
 h - 6 scrolls of teleportation
 i - 4 scrolls of identify
Potions
 f - 3 potions of mutation
 j - 5 potions of curing
 k - a potion of attraction {unknown}
 l - a potion of flight {unknown}
 s - a potion of cancellation

Dungeon Overview and Level Annotations

Branches:
Dungeon (9/15)             Temple (0/1) D:4
   Lair: D:8-11         Orc: D:9-12

Altars:
Ashenzari
Cheibriados
Dithmenos
Kikubaaqudgha
Makhleb
Okawaru
Sif Muna
Wu Jian
The Shining One

Shops:
D:1 [?   D:4 =

Annotations:
D:9 2 transporters, Grum, Joseph


Message History

You kill the killer bee!
You block the killer bee's attack.
The killer bee stings you but does no damage.
The killer bee is burned by your cloak of flames.
The killer bee is severely wounded.
The orc warrior hits you but does no damage.
The orc warrior is burned by your cloak of flames.
The orc warrior is almost dead.
Grum hits you from afar with a +0 spear!
Joseph zaps a wand.
You easily resist.
The killer bee barely misses you. The killer bee completely misses you.
You mangle the orc warrior!!
You kill the orc warrior!
You block the killer bee's attack. The killer bee closely misses you.
A wight comes into view. It is wielding a +5 dagger.
The acid dragon bites you but does no damage.
The acid dragon is burned by your cloak of flames.
The acid dragon is lightly wounded.
The acid dragon barely misses you. Grum barely misses you.
Joseph unwields a +1 sling of freezing.
Joseph wields a +2 spectral quarterstaff.
Joseph drinks a potion.
Joseph goes berserk!
Your Shields skill increases to level 4!
You miss the killer bee.
The killer bee is severely wounded.
The killer bee stings you but does no damage.
The killer bee is burned by your cloak of flames.
The killer bee is severely wounded.
You block the killer bee's attack. x2; The killer bee barely misses you.
Joseph misses you. The acid dragon barely misses you.
The acid dragon closely misses you. The wight hits you with a +3 flail.
The wight is burned by your cloak of flames.
The wight is moderately damaged.
Grum barely misses you.
A wight comes into view. It is wielding a +0 trident.
You mangle the killer bee!!
You kill the killer bee!
The killer bee barely misses you.
Joseph hits you with a +2 spectral quarterstaff!
You die...

...###### #.##8.)^
#####.#...$..
#.....#z# .. #...
...#.....#B##... #...
#..#.....#BW....
#...##..#....)#e##...
#.......#...O.#c##.^
#.......#..y@)#DC....
#.......#..D@z##8....
#.......#..gD..######
#.......#.........zz.
#.....)%#.....##.....
#.....#.'.....# .....
#.....#)####### #####
#..|..#.# #.....#.#


You could see 2 boulder beetles, a six-headed hydra, Joseph (berserk), a
skeletal warrior, a centaur warrior, a two-headed ogre, a cyclops, a freezing
wraith, a deep elf pyromancer, Grum, 2 acid dragons, a killer bee and 3 wights.

Vanquished Creatures
  Gastronok (D:8)
  Erica (D:8)
  Psyche (D:8)
  Prince Ribbit (D:8)
  4 yaks (D:9)
  2 wyverns
  A steam dragon (D:7)
  2 water moccasins
  2 orc warriors
  A black bear (D:7)
  3 ice beasts
  An ogre (D:5)
  A centaur (D:8)
  A gnoll sergeant (D:8)
  A necrophage (D:5)
  3 bullfrogs
  3 scorpions
  3 wights
  5 killer bees
  2 jellies
  9 orc priests
  2 hounds (D:5)
  Ijyb (D:3)
  Jessica (D:3)
  2 iguanas
  10 orc wizards
  10 gnolls
  8 adders
  2 white imps
  An ufetubus (D:6)
  A worm (D:6)
  2 dart slugs
  40 orcs
  8 endoplasms
  A giant cockroach (D:2)
  4 goblins
  5 hobgoblins
  9 jackals
  4 kobolds
  2 quokkas
  5 ball pythons
  3 bats (D:3)
  3 frilled lizards (D:3)
  4 rats
176 creatures vanquished.

Vanquished Creatures (others)
  3 plants (D:4)
3 creatures vanquished.

Grand Total: 179 creatures vanquished

Notes
Turn   | Place    | Note
-------+----------+-------------------------------------------
     0 | D:1      | qw the Troll Cinder Acolyte began the quest for the Orb.
     0 | D:1      | Reached XP level 1. HP: 22/22 MP: 1/1
     0 | D:1      | 0 ||| qw: Version: 0.1-a-97-g2dd2ca4
     0 | D:1      | 0 ||| qw: Game counter: 4873
     0 | D:1      | 0 ||| qw: Always use a shield: true
     0 | D:1      | 0 ||| qw: God list: Okawaru
     0 | D:1      | 0 ||| qw: Allow faded altars: false
     0 | D:1      | 0 ||| qw: Do Orc after D:15 true
     0 | D:1      | 0 ||| qw: Do second Lair branch before Depths: true
     0 | D:1      | 0 ||| qw: Lair rune preference: random
     0 | D:1      | 0 ||| qw: Plans: Normal
     0 | D:1      | 0 ||| PLANNING D:1-11
    16 | D:1      | Found Cufimm's Magic Scroll Shoppe.
    23 | D:1      | 23 ||| SHOPLISTING scroll of identify (22 gold, have 0).
    23 | D:1      | 23 ||| SHOPLISTING scroll of teleportation (33 gold, have
                  | 0).
   158 | D:1      | Found Xonneyh's Armour Boutique.
   169 | D:1      | 169 ||| SHOPLISTING +1 robe of the Vacuum {rF- rCorr SInv}
                  | (170 gold, have 25).
   169 | D:1      | 169 ||| SHOPLISTING +2 cloak (181 gold, have 25).
   233 | D:1      | 233 ||| Stepping ~*~*~tactically~*~*~ (hiding).
   234 | D:1      | 234 ||| Stepping ~*~*~tactically~*~*~ (hiding).
   241 | D:1      | Reached XP level 2. HP: 29/29 MP: 2/2
   617 | D:1      | Found a faded altar of an unknown god.
   974 | D:1      | 974 ||| UPGRADING to amulet of the acrobat.
   979 | D:1      | 979 ||| DROPPING +6 ring of intelligence.
   980 | D:1      | 980 ||| READING scroll labelled MOTYSTR CILLOD.
   981 | D:1      | 981 ||| READING 5 scrolls labelled GADOGU AZO.
   986 | D:1      | 986 ||| READING scroll labelled WUEMORCH LOKLEA.
   987 | D:1      | 987 ||| READING scroll labelled KEYGIOD LUEZ.
   988 | D:1      | 988 ||| READING 4 scrolls of teleportation.
  1108 | D:2      | 1108 ||| Stepping ~*~*~tactically~*~*~ (hiding).
  1111 | D:2      | 1111 ||| Stepping ~*~*~tactically~*~*~ (hiding).
  1119 | D:2      | Reached skill level 4 in Unarmed Combat
  1466 | D:2      | Reached XP level 3. HP: 36/36 MP: 3/3
  1729 | D:2      | 1729 ||| UPGRADING to +6 ring of strength.
  1730 | D:2      | 1730 ||| READING scroll labelled LIEN XUAMISM.
  1789 | D:3      | Noticed Jessica
  1790 | D:3      | 1790 ||| Stepping ~*~*~tactically~*~*~ (hiding).
  1791 | D:3      | 1791 ||| Stepping ~*~*~tactically~*~*~ (hiding).
  1800 | D:3      | 1800 ||| FLEEEEING.
  1801 | D:3      | 1801 ||| STAIRDANCE
  1815 | D:3      | Killed Jessica
  1818 | D:3      | 1818 ||| FLEEEEING.
  1819 | D:3      | 1819 ||| STAIRDANCE
  1835 | D:3      | Reached XP level 4. HP: 43/44 MP: 4/4
  1872 | D:3      | 1872 ||| Stepping ~*~*~tactically~*~*~ (stealth).
  1873 | D:3      | 1873 ||| Stepping ~*~*~tactically~*~*~ (stealth).
  1878 | D:3      | Reached skill level 5 in Unarmed Combat
  1878 | D:3      | 1878 ||| Stepping ~*~*~tactically~*~*~ (outnumbered).
  1879 | D:3      | 1879 ||| Stepping ~*~*~tactically~*~*~ (outnumbered).
  1880 | D:3      | 1880 ||| Stepping ~*~*~tactically~*~*~ (outnumbered).
  1881 | D:3      | 1881 ||| Stepping ~*~*~tactically~*~*~ (outnumbered).
  1882 | D:3      | 1882 ||| Stepping ~*~*~tactically~*~*~ (outnumbered).
  1883 | D:3      | 1883 ||| Stepping ~*~*~tactically~*~*~ (outnumbered).
  1898 | D:3      | Noticed Ijyb
  1908 | D:3      | 1908 ||| Stepping ~*~*~tactically~*~*~ (outnumbered).
  1912 | D:3      | 1912 ||| Stepping ~*~*~tactically~*~*~ (outnumbered).
  1913 | D:3      | Killed Ijyb
  1946 | D:3      | 1946 ||| Stepping ~*~*~tactically~*~*~ (stealth).
  1955 | D:3      | 1955 ||| Stepping ~*~*~tactically~*~*~ (outnumbered).
  1958 | D:3      | 1958 ||| Stepping ~*~*~tactically~*~*~ (outnumbered).
  2146 | D:3      | Found a shadowy altar of Dithmenos.
  2171 | D:3      | Reached XP level 5. HP: 50/50 MP: 5/5
  2233 | D:3      | 2233 ||| Stepping ~*~*~tactically~*~*~ (stealth).
  2236 | D:3      | 2236 ||| Stepping ~*~*~tactically~*~*~ (stealth).
  2244 | D:3      | 2244 ||| Stepping ~*~*~tactically~*~*~ (stealth).
  2606 | D:3      | 2606 ||| UPGRADING to +1 hat.
  2611 | D:3      | 2611 ||| DROPPING ring of magical power.
  2612 | D:3      | 2612 ||| READING scroll labelled ZESAYSMIGRY.
  2613 | D:3      | 2613 ||| READING 2 scrolls of identify.
  2613 | D:3      | 2613 ||| IDENTIFYING lumpy dark potion
  2614 | D:3      | 2614 ||| DROPPING potion of lignification.
  2654 | D:4      | Found Xoasid's One-of-a-Kind Rings.
  2657 | D:4      | 2657 ||| STAIRDANCE
  2660 | D:3      | Reached skill level 6 in Unarmed Combat
  2662 | D:4      | 2662 ||| Stepping ~*~*~tactically~*~*~ (outnumbered).
  2663 | D:4      | 2663 ||| Stepping ~*~*~tactically~*~*~ (outnumbered).
  2664 | D:4      | 2664 ||| Stepping ~*~*~tactically~*~*~ (outnumbered).
  2677 | D:4      | 2677 ||| BUYING +2 ring of evasion (130 gold).
  2677 | D:4      | Bought a +2 ring of evasion for 130 gold pieces
  2677 | D:4      | 2677 ||| SHOPLISTING +5 ring of protection (715 gold, have
                  | 69).
  2677 | D:4      | 2677 ||| SHOPLISTING ring "Ustikoba" {Ice Int+2 Slay+2}
                  | (579 gold, have 69).
  2677 | D:4      | 2677 ||| SHOPLISTING ring of Reojeur {Will+ rCorr Dex+8}
                  | (707 gold, have 69).
  2677 | D:4      | 2677 ||| SHOPLISTING ring of Vodka {rF++ rN+ Will++ SInv}
                  | (750 gold, have 69).
  2707 | D:4      | 2707 ||| Stepping ~*~*~tactically~*~*~ (stealth).
  2713 | D:4      | 2713 ||| Stepping ~*~*~tactically~*~*~ (stealth).
  2715 | D:4      | 2715 ||| Stepping ~*~*~tactically~*~*~ (stealth).
  2716 | D:4      | 2716 ||| Stepping ~*~*~tactically~*~*~ (stealth).
  2718 | D:4      | 2718 ||| Stepping ~*~*~tactically~*~*~ (stealth).
  2721 | D:4      | 2721 ||| Stepping ~*~*~tactically~*~*~ (hiding).
  2722 | D:4      | 2722 ||| Stepping ~*~*~tactically~*~*~ (hiding).
  2734 | D:4      | 2734 ||| FLEEEEING.
  2735 | D:4      | 2735 ||| FLEEEEING.
  2736 | D:4      | 2736 ||| FLEEEEING.
  2737 | D:4      | 2737 ||| FLEEEEING.
  2738 | D:4      | 2738 ||| FLEEEEING.
  2739 | D:4      | 2739 ||| FLEEEEING.
  2740 | D:4      | 2740 ||| FLEEEEING.
  2741 | D:4      | 2741 ||| FLEEEEING.
  2742 | D:4      | 2742 ||| STAIRDANCE
  2747 | D:3      | 2747 ||| UPGRADING to +2 ring of evasion.
  2748 | D:3      | 2748 ||| READING scroll labelled ORHUUN ZADEPT.
  2766 | D:4      | Found a staircase to the Ecumenical Temple.
  2779 | D:4      | 2779 ||| Stepping ~*~*~tactically~*~*~ (stealth).
  2780 | D:4      | 2780 ||| Stepping ~*~*~tactically~*~*~ (stealth).
  2781 | D:4      | 2781 ||| Stepping ~*~*~tactically~*~*~ (stealth).
  2817 | D:4      | 2817 ||| Stepping ~*~*~tactically~*~*~ (stealth).
  2852 | D:4      | Reached XP level 6. HP: 59/59 MP: 6/6
  2890 | D:4      | 2890 ||| Stepping ~*~*~tactically~*~*~ (stealth).
  2893 | D:4      | 2893 ||| INVOKING Fiery Armour.
  2898 | D:4      | Reached skill level 7 in Unarmed Combat
  3036 | D:4      | Found a glowing golden altar of the Shining One.
  3132 | D:4      | Reached skill level 1 in Throwing
  3161 | D:4      | Found a shimmering blue altar of Sif Muna.
  3384 | D:4      | 3384 ||| READING scroll labelled DIOBYO TIKH.
  3385 | D:4      | 3385 ||| READING scroll labelled RIAT OLYTWI.
  3386 | D:4      | 3386 ||| DRINKING 2 glowing dark potions.
  3387 | D:4      | 3387 ||| DRINKING 2 viscous clear potions.
  3388 | D:4      | 3388 ||| READING 2 scrolls of identify.
  3388 | D:4      | 3388 ||| IDENTIFYING blue potion
  3389 | D:4      | 3389 ||| DROPPING potion of brilliance.
  3417 | D:5      | Entered Level 5 of the Dungeon
  3472 | D:5      | Reached XP level 7. HP: 63/66 MP: 7/7
  3521 | D:5      | 3521 ||| Stepping ~*~*~tactically~*~*~ (hiding).
  3524 | D:5      | 3524 ||| Stepping ~*~*~tactically~*~*~ (hiding).
  3683 | D:5      | Reached skill level 8 in Unarmed Combat
  3820 | D:5      | Reached skill level 3 in Fighting
  3852 | D:5      | 3852 ||| Stepping ~*~*~tactically~*~*~ (hiding).
  3853 | D:5      | 3853 ||| Stepping ~*~*~tactically~*~*~ (hiding).
  3855 | D:5      | 3855 ||| Stepping ~*~*~tactically~*~*~ (hiding).
  3857 | D:5      | 3857 ||| Stepping ~*~*~tactically~*~*~ (hiding).
  3940 | D:5      | 3940 ||| Stepping ~*~*~tactically~*~*~ (stealth).
  3944 | D:5      | Reached skill level 3 in Throwing
  3946 | D:5      | 3946 ||| Stepping ~*~*~tactically~*~*~ (stealth).
  3959 | D:5      | Reached XP level 8. HP: 35/75 MP: 8/8
  3964 | D:5      | HP: 18/75 [poisoned by a water moccasin]
  3969 | D:5      | HP: 17/75 [poisoned by a water moccasin]
  4363 | D:5      | 4363 ||| READING scroll labelled CUUNAJY CIQOHEDI.
  4364 | D:5      | 4364 ||| DRINKING 2 brown potions.
  4365 | D:5      | 4365 ||| READING 2 scrolls of identify.
  4365 | D:5      | 4365 ||| IDENTIFYING metallic grey potion
  4366 | D:5      | 4366 ||| DROPPING potion of berserk rage.
  4451 | D:6      | Reached skill level 9 in Unarmed Combat
  4456 | D:6      | 4456 ||| FLEEEEING.
  4457 | D:6      | 4457 ||| FLEEEEING.
  4458 | D:6      | 4458 ||| FLEEEEING.
  4459 | D:6      | 4459 ||| FLEEEEING.
  4460 | D:6      | 4460 ||| FLEEEEING.
  4465 | D:6      | Reached skill level 1 in Dodging
  4524 | D:6      | 4524 ||| READING scroll of enchant armour.
  4524 | D:6      | 4524 ||| ENCHANTING +1 hat.
  4650 | D:6      | 4650 ||| INVOKING Fiery Armour.
  4652 | D:6      | 4652 ||| FLEEEEING.
  4653 | D:6      | 4653 ||| FLEEEEING.
  4654 | D:6      | 4654 ||| FLEEEEING.
  4655 | D:6      | 4655 ||| FLEEEEING.
  4718 | D:6      | Found a snail-covered altar of Cheibriados.
  4719 | D:6      | 4719 ||| DROPPING ring of flight.
  4720 | D:6      | 4720 ||| READING 8 scrolls of teleportation.
  4726 | D:6      | Found an ancient bone altar of Kikubaaqudgha.
  5260 | D:7      | Reached skill level 10 in Unarmed Combat
  5937 | D:7      | Reached XP level 9. HP: 84/84 MP: 9/9
  6082 | D:7      | Found a burning altar of Makhleb.
  6112 | D:7      | 6112 ||| UPGRADING to +0 cloak.
  6117 | D:7      | 6117 ||| UPGRADING to +0 steam dragon scales.
  6127 | D:7      | 6127 ||| DROPPING +0 robe.
  6128 | D:7      | 6128 ||| UPGRADING to ring of see invisible.
  6130 | D:7      | 6130 ||| UPGRADING to +6 ring of strength.
  6132 | D:7      | 6132 ||| DRINKING 2 white potions.
  6163 | D:8      | 6163 ||| STAIRDANCE
  6173 | D:8      | 6173 ||| STAIRDANCE
  6176 | D:7      | Reached skill level 1 in Armour
  6258 | D:8      | Found a flagged portal.
  6274 | D:8      | 6274 ||| Stepping ~*~*~tactically~*~*~ (hiding).
  6320 | D:8      | Noticed Gastronok
  6321 | D:8      | 6321 ||| Stepping ~*~*~tactically~*~*~ (hiding).
  6338 | D:8      | 6338 ||| INVOKING Fiery Armour.
  6339 | D:8      | HP: 15/82 [Gastronok (19)]
  6340 | D:8      | 6340 ||| READING 8 scrolls of teleportation.
  6341 | D:8      | 6341 ||| DRINKING potion of heal wounds.
  6344 | D:8      | Killed Gastronok
  6345 | D:8      | Reached skill level 12 in Unarmed Combat
  6387 | D:8      | 6387 ||| Stepping ~*~*~tactically~*~*~ (hiding).
  6393 | D:8      | 6393 ||| Stepping ~*~*~tactically~*~*~ (hiding).
  6398 | D:8      | Noticed Psyche
  6403 | D:8      | Killed Psyche
  6410 | D:8      | Found an ornate altar of the Wu Jian Council.
  6471 | D:8      | Noticed Prince Ribbit
  6475 | D:8      | Killed Prince Ribbit
  6476 | D:8      | Reached XP level 10. HP: 86/96 MP: 10/10
  6476 | D:8      | 6476 ||| FLEEEEING.
  6476 | D:8      | Noticed Erica
  6477 | D:8      | 6477 ||| INVOKING Fiery Armour.
  6486 | D:8      | 6486 ||| DRINKING 5 potions of curing.
  6486 | D:8      | 6486 ||| (to cure confusion)
  6489 | D:8      | Killed Erica
  6579 | D:8      | Found an iron altar of Okawaru.
  6946 | D:8      | 6946 ||| Stepping ~*~*~tactically~*~*~ (stealth).
  7108 | D:8      | 7108 ||| UPGRADING to +2 robe of willpower.
  7118 | D:8      | 7118 ||| READING scroll labelled SYUTEK ISOYHEL.
  7162 | D:8      | 7162 ||| READING scroll labelled GOAMNO SIFREIMN.
  7163 | D:8      | 7163 ||| READING scroll labelled NEOPHU GISOOGARA.
  7163 | D:8      | Identified a scroll of acquirement
  7163 | D:8      | 7163 ||| ACQUIRING +0 kite shield of cold resistance
  7163 | D:8      | Acquired a +0 kite shield of cold resistance
  7165 | D:8      | 7165 ||| UPGRADING to +0 kite shield of cold resistance.
  7170 | D:8      | 7170 ||| DRINKING 2 green potions.
  7171 | D:8      | 7171 ||| READING 3 scrolls of identify.
  7171 | D:8      | 7171 ||| IDENTIFYING amethyst potion
  7172 | D:8      | 7172 ||| READING 2 scrolls of identify.
  7172 | D:8      | 7172 ||| IDENTIFYING coppery potion
  7173 | D:8      | 7173 ||| DROPPING potion of ambrosia.
  7174 | D:8      | 7174 ||| DROPPING potion of invisibility.
  7175 | D:8      | 7175 ||| DROPPING potion of degeneration.
  7181 | D:9      | Found a broken altar of Ashenzari.
  7204 | D:9      | Noticed a six-headed hydra
  7205 | D:9      | Noticed a centaur warrior
  7207 | D:9      | Noticed a cyclops
  7208 | D:9      | Noticed a boulder beetle
  7209 | D:9      | 7209 ||| Stepping ~*~*~tactically~*~*~ (outnumbered).
  7211 | D:9      | 7211 ||| Stepping ~*~*~tactically~*~*~ (outnumbered).
  7213 | D:9      | Reached skill level 1 in Shields
  7215 | D:9      | 7215 ||| Stepping ~*~*~tactically~*~*~ (outnumbered).
  7226 | D:9      | Reached skill level 3 in Shields
  7246 | D:9      | Noticed a boulder beetle
  7248 | D:9      | Noticed a deep elf pyromancer
  7249 | D:9      | Noticed a skeletal warrior
  7250 | D:9      | Found a transporter.
  7250 | D:9      | Found a transporter.
  7260 | D:9      | Identified the +1 short sword "Guoweulopp" {protect, rCorr
                  | Int+4}
  7272 | D:9      | Noticed Grum
  7273 | D:9      | 7273 ||| INVOKING Fiery Armour.
  7275 | D:9      | Noticed Joseph
  7277 | D:9      | 7277 ||| Stepping ~*~*~tactically~*~*~ (outnumbered).
  7282 | D:9      | Noticed a two-headed ogre
  7285 | D:9      | HP: 19/96 [Grum/+0 spear (12)]
  7286 | D:9      | 7286 ||| READING 7 scrolls of teleportation.
  7288 | D:9      | HP: 8/96 [wight/+3 flail (6)]
  7289 | D:9      | Slain by Joseph

Levels and vault maps discovered:
D:1:      wander_arrival_desolate, layout_basic, serial_shops, shop_statue,
          shop, shapermc_ecumenical_altar_venn, dreamdust_mushroom_princess
D:2:      minmay_door_path, layout_loops_cross
D:3:      layout_loops_cross, old_standard_altar, minmay_unequal, uniq_jessica,
          uniq_ijyb
D:4:      cheibrodos_pilgrimage, layout_rooms, kennysheep_orc_sif_temple,
          mainiacjoe_overflow_paths, minmay_temple_entry_gardened_gates,
          nicolae_shop_unique_rings, grunt_ministairs_1
D:5:      layout_basic
D:6:      layout_basic, cheibrodos_worm_habitat, kennysheep_mini_moat,
          dk_vineyard_1
D:7:      black_bear_nest_1, layout_loops_corners, lightli_temple_of_fire
D:8:      layout_loops_ring, mainiacjoe_overflow_concentric_impassable,
          nzn_wu_jian_council_hall, enter_bailey_2, uniq_gastronok, uniq_psyche,
          uniq_prince_ribbit1, uniq_erica
D:9:      gammafunk_sealed_arena, layout_stronghold, nicolae_ashenzari_skybound,
          serial_rivers, chequers_serial_rivers_room_b,
          chequers_serial_rivers_room_b, chequers_serial_rivers_small_b,
          chequers_serial_rivers_marsh, feat_on_display, uniq_grum, uniq_joseph

Skill      XL: |  1  2  3  4  5  6  7  8  9 10 |
---------------+-------------------------------+-----
Unarmed Combat | 4 5 6 7 8 10 12 | 12.8
Throwing       | 2 3 4 5 |  5.2
Fighting       | 3 4 5 |  5.1
Dodging        | 1 |  1.9
Armour         | 1 |  1.3
Shields        | 4 |  4.1
Spellcasting   | |  1.0
Fire Magic     | |  2.1

Action                   |  1- 3 |  4- 6 |  7- 9 | 10-12 || total
-------------------------+-------+-------+-------+-------++-------
Melee: Unarmed           |    60 |   135 |   137 |    90 ||   422
       Punch             |     1 |       |     6 |     1 ||     8
Throw: Boomerang         |       |    32 |       |       ||    32
       Large rock        |       |     3 |    35 |     4 ||    42
Invok: Fiery Armour      |       |     1 |     2 |     2 ||     5
  Use: Scroll            |     6 |     6 |     5 |     6 ||    23
       Potion            |       |     2 |     3 |     2 ||     7
Armor: Robe              |    10 |    45 |    16 |    19 ||    90
       Steam dragon scal |       |       |     3 |    18 ||    21
Dodge: Dodged            |    16 |    71 |    44 |    49 ||   180
Block: Kite shield       |       |       |       |    24 ||    24

Table legend:
 A = Non-vault XP
 B = Vault XP
 C = Vault XP percentage of total XP
 D = Non-vault monster count
 E = Vault monster count
 F = Vault count percentage of total count
                 A         B        C        D         E       F
            +---------+---------+-------+---------+---------+-------
      Total |    5143 |    3400 |  39.8 |     153 |      23 |  13.1
            +---------+---------+-------+---------+---------+-------
        D:1 |      28 |       0 |   0.0 |      15 |       0 |   0.0
        D:2 |      12 |       5 |  29.4 |       6 |       3 |  33.3
        D:3 |      95 |      95 |  50.0 |      24 |       6 |  20.0
        D:4 |     305 |     126 |  29.2 |      22 |       8 |  26.7
        D:5 |     901 |       0 |   0.0 |      23 |       0 |   0.0
        D:6 |     481 |       5 |   1.0 |      14 |       1 |   6.7
        D:7 |     869 |     136 |  13.5 |      12 |       1 |   7.7
        D:8 |     967 |    3033 |  75.8 |      20 |       4 |  16.7
        D:9 |    1485 |       0 |   0.0 |      17 |       0 |   0.0
            +---------+---------+-------+---------+---------+-------
